General information
- name: BNet
- type: Ladder team game (AT/RT)
- host: Battle.net
- saver: OhMyItsSarah
map: UpperKingdom
- players: 6
- length: 17:00
- speed: Fast
- version: 1.24 W3XP
- replay type: Public
» download(141 KB)
Players
team 1 (loser)
8-D (
teal | 68 APM | 1152 actions | 16:57)
4 Death Knight
2 Death Coil
2 Unholy Aura
3 Lich
2 Frost Nova
1 Dark Ritual
2 Crypt Lord
1 Impale
1 Carrion Beetles
» actions
| Assign group hotkey | 5 | |
| Basic commands | 113 | |
| Build / train | 46 | |
| Enter build submenu | 12 | |
| Enter hero's abilities submenu | 11 | |
| Give item / drop item | 1 | |
| Right click | 653 | |
| Select / deselect | 223 | |
| Select group hotkey | 15 | |
| Use ability | 73 | |
1152 total
» units
| Acolyte | 3 | |
| Ghoul | 2 | |
| Crypt Fiend | 9 | |
| Frost Wyrm | 7 | |
21 total
» upgrades
| Creature Attack | 2 | |
| Burrow | 1 | |
| Freezing Breath | 1 | |
| Web | 1 | |
5 total
» buildings
| Crypt | 1 | |
| Graveyard | 1 | |
| Altar of Darkness | 1 | |
| Ziggurat | 4 | |
| Tomb of Relics | 1 | |
| Necropolis | 4 | |
| Nerubian Tower | 1 | |
| Halls of the Dead | 1 | |
| Black Citadel | 1 | |
| Sacrificial Pit | 1 | |
| Boneyard | 3 | |
19 total
» build order
00:07 Crypt
00:12 Graveyard
00:22 Altar of Darkness
00:27 Ziggurat
00:48 Tomb of Relics
01:17 Necropolis
02:13 Nerubian Tower
03:26 Halls of the Dead
04:22 Ziggurat
05:57 Black Citadel
06:45 Sacrificial Pit
07:45 Necropolis
07:48 Ziggurat
07:49 Ziggurat
08:43 Boneyard
08:45 Boneyard
08:46 Boneyard
11:24 Necropolis
11:25 Necropolis
» items
| Rod of Necromancy | 1 | |
| Scroll of Town Portal | 1 | |
| Scroll of Healing | 1 | |
| Orb of Corruption | 1 | |
4 total
SexLoRd (
pink | 134 APM | 2269 actions | 16:53)
3 Priestess of the Moon
2 Trueshot Aura
1 Searing Arrows
» actions
| Assign group hotkey | 32 | |
| Basic commands | 1 | |
| Build / train | 53 | |
| Enter build submenu | 9 | |
| Enter hero's abilities submenu | 3 | |
| Remove unit from queue | 1 | |
| Right click | 1652 | |
| Select / deselect | 193 | |
| Select group hotkey | 304 | |
| Use ability | 21 | |
2269 total
» units
» upgrades
| Strength of the Moon | 1 | |
| Moon Armor | 2 | |
3 total
» buildings
| Altar of Elders | 1 | |
| Moon Well | 4 | |
| Ancient of War | 3 | |
| Hunter's Hall | 1 | |
9 total
» build order
00:09 Altar of Elders
00:16 Moon Well
01:40 Ancient of War
01:42 Hunter's Hall
02:01 Ancient of War
02:20 Moon Well
02:38 Moon Well
05:59 Moon Well
12:41 Ancient of War
SexMoNsTeR (
red | 84 APM | 1423 actions | 16:59)
3 Keeper of the Grove
1 Entangling Roots
2 Thorns Aura
» actions
| Assign group hotkey | 15 | |
| Basic commands | 96 | |
| Build / train | 39 | |
| Enter build submenu | 12 | |
| Enter hero's abilities submenu | 3 | |
| Remove unit from queue | 4 | |
| Right click | 658 | |
| Select / deselect | 472 | |
| Select group hotkey | 36 | |
| Use ability | 88 | |
1423 total
» units
» buildings
| Altar of Elders | 1 | |
| Moon Well | 4 | |
| Hunter's Hall | 1 | |
| Ancient of War | 2 | |
| Tree of Life | 3 | |
11 total
» build order
00:08 Altar of Elders
00:22 Moon Well
01:26 Hunter's Hall
01:41 Ancient of War
02:04 Ancient of War
02:25 Moon Well
04:51 Moon Well
06:00 Moon Well
06:53 Tree of Life
06:58 Tree of Life
09:51 Tree of Life
team 2 (winner)
BoneEnterprise (
green | 71 APM | 1205 actions | 17:00)
5 Keeper of the Grove
3 Entangling Roots
2 Thorns Aura
» actions
| Assign group hotkey | 1 | |
| Basic commands | 55 | |
| Build / train | 36 | |
| ESC pressed | 2 | |
| Enter build submenu | 9 | |
| Enter hero's abilities submenu | 7 | |
| Right click | 883 | |
| Select / deselect | 156 | |
| Select group hotkey | 17 | |
| Use ability | 39 | |
1205 total
» units
» upgrades
| Moon Armor | 1 | |
| Strength of the Moon | 1 | |
| Ultravision | 1 | |
3 total
» buildings
| Altar of Elders | 1 | |
| Moon Well | 4 | |
| Hunter's Hall | 1 | |
| Ancient of War | 2 | |
8 total
» build order
00:16 Altar of Elders
00:22 Moon Well
01:29 Hunter's Hall
01:38 Ancient of War
01:54 Ancient of War
02:15 Moon Well
02:38 Moon Well
05:21 Moon Well
» items
| Dust of Appearance | 1 | |
| Rod of Necromancy | 1 | |
2 total
OhMyItsSarah (
orange | 102 APM | 1743 actions | 17:00)
5 Priestess of the Moon
2 Searing Arrows
3 Trueshot Aura
» actions
| Assign group hotkey | 295 | |
| Basic commands | 338 | |
| Build / train | 63 | |
| Enter build submenu | 12 | |
| Enter hero's abilities submenu | 5 | |
| Right click | 709 | |
| Select / deselect | 208 | |
| Select group hotkey | 89 | |
| Use ability | 24 | |
1743 total
» units
» upgrades
» buildings
| Altar of Elders | 1 | |
| Moon Well | 5 | |
| Hunter's Hall | 1 | |
| Ancient of War | 2 | |
| Ancient Protector | 1 | |
10 total
» build order
00:05 Altar of Elders
00:07 Moon Well
02:02 Hunter's Hall
02:07 Ancient of War
02:13 Ancient of War
02:40 Moon Well
04:12 Moon Well
04:34 Ancient Protector
05:15 Moon Well
05:16 Moon Well
» items
THE_JEW. (
blue | 63 APM | 1068 actions | 17:00)
4 Death Knight
2 Death Coil
2 Unholy Aura
2 Lich
1 Frost Nova
1 Frost Armor
1 Crypt Lord
1 Impale
» actions
| Build / train | 50 | |
| Enter build submenu | 13 | |
| Enter hero's abilities submenu | 7 | |
| Give item / drop item | 3 | |
| Remove unit from queue | 2 | |
| Right click | 650 | |
| Select / deselect | 298 | |
| Use ability | 45 | |
1068 total
» units
| Acolyte | 2 | |
| Ghoul | 1 | |
| Crypt Fiend | 14 | |
| Frost Wyrm | 6 | |
23 total
» upgrades
| Creature Attack | 2 | |
| Creature Carapace | 2 | |
| Burrow | 1 | |
| Web | 1 | |
6 total
» buildings
| Crypt | 1 | |
| Graveyard | 1 | |
| Ziggurat | 8 | |
| Altar of Darkness | 1 | |
| Tomb of Relics | 1 | |
| Halls of the Dead | 1 | |
| Nerubian Tower | 1 | |
| Black Citadel | 1 | |
| Sacrificial Pit | 1 | |
| Boneyard | 2 | |
18 total
» build order
00:05 Crypt
00:09 Graveyard
00:13 Ziggurat
00:35 Altar of Darkness
00:54 Ziggurat
01:20 Tomb of Relics
03:29 Halls of the Dead
04:03 Ziggurat
05:23 Nerubian Tower
06:03 Black Citadel
06:45 Ziggurat
07:20 Sacrificial Pit
08:31 Boneyard
09:34 Boneyard
10:18 Ziggurat
10:18 Ziggurat
10:19 Ziggurat
11:22 Ziggurat
» items
| Rod of Necromancy | 1 | |
| Dust of Appearance | 1 | |
| Orb of Corruption | 1 | |
| Scroll of Town Portal | 1 | |
| Scroll of Healing | 1 | |
5 total
Chat log
(00:13 / All) OhMyItsSarah: fuck
(00:14 / All) OhMyItsSarah: off.
(00:17 / All) 8-D: gl hf
(00:23 / All) THE_JEW.: 5 min load gives me boner
(00:25 / All) 8-D: adam present
(00:30 / All) OhMyItsSarah: yea i know :D
(00:37 / All) SexMoNsTeR: same
(00:39 / Allies) THE_JEW.: whos adam
(00:41 / All) SexMoNsTeR: with are zmap
(00:43 / All) OhMyItsSarah: hi john:)
(00:44 / Allies) BoneEnterprise: sarah help out ud fast or what?
(00:46 / All) SexLoRd: =)
(01:01 / All) OhMyItsSarah: NO GOLDHACK
(01:11 / Allies) OhMyItsSarah: i potm
(01:22 / Allies) OhMyItsSarah: haha
(01:29 / All) OhMyItsSarah: ^_^
(01:33 / All) SexLoRd: =D
(01:35 / All) OhMyItsSarah: am i click u john
(01:38 / Allies) THE_JEW.: dip shit
(01:40 / Allies) THE_JEW.: whos adam
(01:42 / Allies) OhMyItsSarah: citrus
(01:46 / Allies) THE_JEW.: hes bad
(01:48 / All) SexLoRd: =o
(01:55 / Allies) OhMyItsSarah: DONT
(01:55 / Allies) OhMyItsSarah: LOSE
(01:56 / All) THE_JEW.: hes
(01:56 / Allies) OhMyItsSarah: KOTG
(01:58 / Allies) OhMyItsSarah: TO FOUNTAIN
(01:59 / All) THE_JEW.: HEY
(02:01 / All) THE_JEW.: HEY
(02:02 / All) THE_JEW.: FUCK
(02:04 / All) THE_JEW.: IM A JEW
(02:19 / All) THE_JEW.: potm to me
(02:21 / All) THE_JEW.: boner bigger
(02:28 / All) OhMyItsSarah: JOHN AURA
(02:30 / All) OhMyItsSarah: MISCLICKK?
(02:34 / Allies) OhMyItsSarah: kotg
(03:18 / All) OhMyItsSarah: <3
(03:25 / Allies) THE_JEW.: wood
(03:32 / All) SexMoNsTeR: because it stopped and attacked you for some reaason>?
(03:37 / All) SexMoNsTeR: i dont know
(03:42 / All) SexMoNsTeR: hes a bitch kotg
(04:05 / Allies) OhMyItsSarah: b
(04:05 / Allies) OhMyItsSarah: b
(04:47 / All) OhMyItsSarah: HEY
(04:48 / All) OhMyItsSarah: I DIDNT SEE
(04:50 / All) OhMyItsSarah: THAT NECRO
(05:16 / All) THE_JEW.: BONER
(05:26 / Allies) OhMyItsSarah: teching
(05:27 / Allies) OhMyItsSarah: straighttt
(05:28 / Allies) OhMyItsSarah: wyrms
(05:58 / Allies) OhMyItsSarah: hall
(06:27 / All) SexLoRd: come backk
(06:39 / All) OhMyItsSarah: HEY
(06:41 / All) OhMyItsSarah: I CAN MICRO
(06:50 / Allies) BoneEnterprise: day time
(06:52 / Allies) BoneEnterprise: ...
(06:56 / Allies) OhMyItsSarah: hall
(06:56 / Allies) OhMyItsSarah: pink
(07:02 / Allies) OhMyItsSarah: force
(07:02 / Allies) OhMyItsSarah: tp
(07:13 / Allies) OhMyItsSarah: H
(07:14 / Allies) OhMyItsSarah: all
(07:23 / Allies) OhMyItsSarah: b
(07:24 / Allies) OhMyItsSarah: b
(07:45 / All) OhMyItsSarah: FUCK I PINGED
(08:48 / Allies) THE_JEW.: sec
(09:54 / Allies) BoneEnterprise: foce tp on all em
(09:55 / Allies) BoneEnterprise: nice
(10:05 / All) OhMyItsSarah: IMA GET CHA
(10:26 / All) OhMyItsSarah: ur boned
(10:26 / All) OhMyItsSarah: ROFL
(10:31 / All) THE_JEW.: this is going to happen
(10:59 / All) OhMyItsSarah: OH IT HAPPENED
(11:59 / Allies) BoneEnterprise: lets go again
(12:00 / Allies) BoneEnterprise: blue
(12:02 / Allies) BoneEnterprise: force tp
(12:05 / Allies) BoneEnterprise: they have no gold left prob
(12:34 / Allies) OhMyItsSarah: b
(12:34 / Allies) OhMyItsSarah: b
(12:34 / Allies) OhMyItsSarah: b
(12:35 / Allies) OhMyItsSarah: b
(12:35 / Allies) OhMyItsSarah: b
(12:56 / Allies) OhMyItsSarah: fight
(12:57 / Allies) OhMyItsSarah: just fight
(12:57 / Allies) OhMyItsSarah: b
(13:58 / Allies) BoneEnterprise: ....
(14:34 / All) BoneEnterprise: WOW
(14:34 / All) SexLoRd: gg!
(14:35 / All) BoneEnterprise: THESE GUYS
(14:36 / All) BoneEnterprise: SUCK
(14:37 / All) BoneEnterprise: WIT
(14:38 / All) BoneEnterprise: OUT
(14:39 / All) BoneEnterprise: HACKS
(14:40 / All) BoneEnterprise: LOL
(14:40 / All) BoneEnterprise: LOL
(14:41 / All) BoneEnterprise: LOL
(14:42 / All) BoneEnterprise: LOL
(14:43 / All) BoneEnterprise: L;OPL
(14:43 / All) BoneEnterprise: LOL
(14:44 / All) BoneEnterprise: LOL
(14:44 / All) SexLoRd: first game without gh!!
(14:45 / All) BoneEnterprise: LOL
(14:46 / All) SexLoRd: D:
(14:48 / All) OhMyItsSarah: no shit talk =o
(14:50 / All) OhMyItsSarah: they friends :(
(15:03 / All) OhMyItsSarah: gg adam
(15:06 / All) OhMyItsSarah: this is for that loss on
(15:08 / All) OhMyItsSarah: theycallmegreat
(16:05 / Allies) OhMyItsSarah: B
(16:05 / Allies) OhMyItsSarah: B
(16:05 / Allies) OhMyItsSarah: B
(16:08 / Allies) OhMyItsSarah: BACK
(16:08 / Allies) OhMyItsSarah: UP
(16:12 / Allies) OhMyItsSarah: WTF
(16:12 / Allies) OhMyItsSarah: ARE
(16:13 / Allies) OhMyItsSarah: U DOING
(16:16 / All) SexLoRd: WOW
(16:19 / All) SexLoRd: THESE GUYS SUCK!?
(16:19 / Allies) THE_JEW.: i was healing
(16:28 / All) THE_JEW.: now i come in
(16:35 / All) SexLoRd: :LEW!
(16:44 / All) BoneEnterprise: lulz
(16:45 / All) BoneEnterprise: LUKLZ
(16:46 / All) BoneEnterprise: LULZ
(16:48 / All) BoneEnterprise: LULZ
(16:49 / All) SexLoRd: rofl!
(16:58 / All) OhMyItsSarah: gg mikey
(16:59 / All) BoneEnterprise: LULZ